 Dungeon Crawl Stone Soup version 0.29-a0-22-gbf593b16ee (webtiles) character file.

Game seed: 16382878771753180389

224 Crownlay the Grasshopper (level 6, -8/41 HPs)
             Began as an Octopode Warper on Jan 29, 2022.
             Was an Initiate of Gozag.
             Mangled by an ogre (26 damage)
             ... on level 4 of the Dungeon.
             The game lasted 00:08:12 (4933 turns).

Crownlay the Grasshopper (Octopode Warper)          Turns: 4933, Time: 00:08:12

Health: -8/41      AC:  1    Str: 10    XL:     6   Next: 0%
Magic:  5/10       EV: 13    Int: 18    God:    Gozag
Gold:   131        SH:  0    Dex: 11    Spells: 0/11 levels left

rFire   . . .      SeeInvis .   e - +0 dagger
rCold   . . .      Faith    .   (no shield)
rNeg    . . .      Spirit   .   (helmet restricted)
rPois   .          Reflect  .   (no amulet)
rElec   .          Harm     .   g - ring of flight
rCorr   .          Rampage  .   (no ring)
Will    .....                   (no ring)
Stlth   +++.......              (no ring)
HPRegen 0.13/turn               (no ring)
MPRegen 0.12/turn               (no ring)
                                (no ring)
                                (no ring)

@: flying, very slightly contaminated
A: almost no armour, amphibious, 8 rings, camouflage 1, gelatinous body 1,
(nimble swimmer 1), tentacles
a: Renounce Religion, Potion Petition, Call Merchant, Bribe Branch


You were on level 4 of the Dungeon.
You worshipped Gozag.
Gozag was aware of your devotion.
You visited 2 branches of the dungeon, and saw 5 of its levels.

You collected 181 gold pieces.
You paid 50 gold pieces to Gozag.

Inventory:

Hand Weapons
 a - a +0 short sword
 b - a +0 hand crossbow
 e - a +0 dagger (weapon)
Missiles
 c - 5 boomerangs of dispersal
 n - a throwing net
Jewellery
 g - a ring of flight (left tentacle)
Wands
 o - a wand of flame (19)
 p - a wand of charming (3)
Scrolls
 f - 4 scrolls of teleportation
 h - a scroll of enchant weapon {unknown}
 i - 2 scrolls of identify {unknown}
 j - a scroll of vulnerability {unknown}
 m - a scroll of enchant armour {unknown}
Potions
 d - 2 potions of might {unknown}
 k - a potion of berserk rage {unknown}
 l - a potion of degeneration {unknown}


   Skills:
 - Level 2.7 Fighting
 - Level 2.0 Short Blades
 - Level 1.0 Throwing
 - Level 2.3 Dodging
 + Level 3.1 Stealth
 + Level 3.0 Spellcasting
 + Level 1.4 Conjurations
 * Level 4.7 Translocations


You couldn't memorise any spells.
You knew the following spells:

 Your Spells              Type           Power      Damage    Failure   Level
a - Magic Dart            Conj           28%        1d4       9%          1
b - Blink                 Tloc           38%        N/A       3%          2
c - Lesser Beckoning      Tloc           19%        N/A       7%          3
d - Manifold Assault      Tloc           19%        N/A       54%         5

Your spell library contained the following spells:

 Spells                   Type           Power      Damage    Failure   Level
 Gell's Gravitas          Tloc           19%        N/A       7%          3
 Teleport Other           Tloc           19%        N/A       7%          3
 Summon Small Mammal      Summ           8%         N/A       16%         1
 Call Imp                 Summ           2%         N/A       24%         2
 Scorch                   Fire           4%         2d5       24%         2
 Mephitic Cloud           Conj/Pois/Air  4%         N/A       38%         3
 Call Canine Familiar     Summ           2%         N/A       43%         3
 Summon Guardian Golem    Hex/Summ       2%         N/A       43%         3
 Flame Wave               Conj/Fire      5%         2d5       77%         4
 Summon Cactus Giant      Summ           1%         N/A       100%        6


Dungeon Overview and Level Annotations

Branches:
Dungeon (4/15)             Temple (1/1) D:4

Altars:
Elyvilon
Gozag
Hepliaklqana
Makhleb
Okawaru
Qazlal
Ru
Uskayaw
Wu Jian
Xom
Yredelemnul
Zin
The Shining One

Annotations:
D:3 1 runed translucent door


Innate Abilities, Weirdness & Mutations

You cannot wear most types of armour.
You are amphibious.
You can wear up to eight rings at the same time.
Your skin changes colour to match your surroundings (Stealth+).
Your rubbery body absorbs attacks. (AC +1, EV +1)
((You are camouflaged when in or above water. (Stealth+)))
You have tentacles for arms and can constrict up to eight enemies at once.


Message History

There is an opulent altar of Gozag here.
You hover solemnly before the altar of Gozag.
Gozag welcomes you!
You pay a service fee of 50 gold.
(D) Dungeon (T) Temple
Where to? (Enter - D:4, ? - help)
There is a staircase back to the Dungeon here.
You fly upwards.
Welcome back to the Dungeon!
There is a staircase to the Ecumenical Temple here.
There is a fountain of clear blue water here.
Found a stone staircase leading down.
Found a stone staircase leading up.
Found a book of Callings.
Found a stone staircase leading down.
You now have 121 gold pieces (gained 12).
You now have 131 gold pieces (gained 10).
The magic dart hits the ogre.
The ogre is lightly wounded.
The ogre shouts!
The magic dart hits the ogre.
The ogre is moderately wounded.
The magic dart hits the ogre but does no damage.
The ogre is moderately wounded.
The magic dart hits the ogre.
The ogre is moderately wounded.
The magic dart hits the ogre.
The ogre is heavily wounded.
You miscast Magic Dart.
You are very lightly contaminated with residual magic.
Nothing appears to happen.
You hit the ogre.
The ogre is heavily wounded.
The ogre hits you with a +0 giant club!!
Ouch! That really hurt!
You hit the ogre but do no damage.
The ogre is heavily wounded.
The ogre hits you with a +0 giant club!!
Ouch! That really hurt!
You die...
Your body crumbles into a pile of gold.

...##...#.........#
...#...##.........##
..........8.8.8....#
.....##....⌠.⌠....#
..........8.>.8...#
........#..⌠.⌠...##
..........8.8.8.###
................O.#
.....###.###..##@.###
.....##..###..##....#
.##..###..##......###
.##........#.....##
..#...........#..##
.####.........#...#
...##..##.....#..##
.≈≈≈...##........##
.≈.≈#####...#.....####


You could see an ogre.

Vanquished Creatures
  A human zombie (D:3)
  Natasha (thrice) (D:2)
  A hound zombie (D:4)
  5 adders
  2 worms
  2 dart slugs (D:1)
  6 orcs
  2 ball pythons (D:1)
  5 endoplasms
  2 goblins
  6 hobgoblins
  A quokka (D:2)
  5 bats
  3 frilled lizards
  6 kobolds
  A kobold skeleton (D:3)
  2 rats
53 creatures vanquished.

Notes
Turn   | Place    | Note
-------+----------+-------------------------------------------
     0 | D:1      | Crownlay the Octopode Warper began the quest for the Orb.
     0 | D:1      | Reached XP level 1. HP: 14/14 MP: 3/3
   201 | D:1      | Reached XP level 2. HP: 9/19 MP: 5/5
   885 | D:2      | Noticed Natasha
   906 | D:1      | Reached skill level 1 in Stealth
   906 | D:1      | Reached XP level 3. HP: 10/25 MP: 6/6
  1116 | D:2      | Killed Natasha
  1168 | D:2      | Noticed Natasha
  1175 | D:2      | Killed Natasha
  1176 | D:2      | Reached skill level 4 in Translocations
  1176 | D:2      | Reached XP level 4. HP: 5/30 MP: 7/7
  1482 | D:2      | Learned a level 1 spell: Magic Dart
  1485 | D:2      | Learned a level 2 spell: Blink
  1588 | D:2      | Noticed Natasha
  1602 | D:2      | Killed Natasha
  1923 | D:2      | Learned a level 3 spell: Lesser Beckoning
  2020 | D:3      | Reached XP level 5. HP: 18/35 MP: 9/9
  2913 | D:3      | Reached skill level 1 in Conjurations
  3283 | D:3      | Found a runed translucent door.
  3283 | D:3      | Noticed a human
  3361 | D:3      | Found a basalt altar of Yredelemnul.
  4277 | D:4      | Reached XP level 6. HP: 37/41 MP: 5/10
  4560 | D:3      | Learned a level 5 spell: Manifold Assault
  4668 | D:4      | Found a staircase to the Ecumenical Temple.
  4676 | Temple   | Entered the Ecumenical Temple
  4784 | Temple   | Became a worshipper of Gozag Ym Sagoz the Greedy
  4933 | D:4      | Mangled by an ogre

Illustrated notes

Levels and vault maps discovered:
D:1:      minmay_arrival_up_and_down, layout_rooms
D:2:      layout_loops_ring, uniq_natasha
D:3:      layout_basic, dk_yredelemnul_ordeal
D:4:      layout_cave_pools, minmay_temple_entry_statues_fountains,
          chequers_serial_rivers_micro_d
Temple:   nicolae_temple_hex_pool

Skill      XL: |  1  2  3  4  5 |
---------------+----------------+-----
Stealth        | 1 2 3 |  3.1
Translocations | 4 |  4.7
Conjurations   | 1 |  1.4
Spellcasting   | 3 |  3.0
Fighting       | |  2.7
Short Blades   | |  2.0
Throwing       | |  1.0
Dodging        | |  2.3

Action                   |  1- 3 |  4- 6 || total
-------------------------+-------+-------++-------
Melee: Short sword       |    24 |       ||    24
       Constrict         |    11 |    21 ||    32
       Tentacles         |    12 |    28 ||    40
       Dagger            |    31 |   111 ||   142
       Punch             |       |     1 ||     1
 Cast: Magic Dart        |       |    21 ||    21
       Lesser Beckoning  |       |     2 ||     2
  Use: Scroll            |     1 |     1 ||     2
 Stab: Sleeping          |     2 |     4 ||     6
Armor: Skin              |     6 |    12 ||    18
Dodge: Dodged            |    44 |    56 ||   100

Table legend: (Time is in decaauts)
 A = Elapsed time spent in this place.
 B = Non-inter-level travel time spent in this place.
 C = Inter-level travel time spent in this place.
 D = Time resting spent in this place.
 E = Time spent auto-exploring this place.
 F = Levels seen in this place.
 G = Mean time per level.
                   A        B        C        D        E       F      G
               +--------+--------+--------+--------+--------+-----+--------+
         Total |   4919 |   4749 |    170 |    334 |   3872 |   5 |  983.8 |
       Dungeon |   4793 |   4640 |    153 |    334 |   3819 |   4 | 1198.2 |
        Temple |    125 |    108 |     17 |      0 |     53 |   1 |  125.0 |
               +--------+--------+--------+--------+--------+-----+--------+

Top non-repeatable levels by time:
     D:3: 2231 daAuts
     D:1: 1100 daAuts
     D:2: 848 daAuts
     D:4: 614 daAuts
  Temple: 125 daAuts
